 Dungeon Crawl Stone Soup version 0.30.0-17-ge0270778cf (webtiles) character file.

Game seed: 991349744615116228

1685 zazu2006 the Thaumaturge (level 9, -3/65 HPs)
             Began as a Gnoll Wanderer on May 21, 2023.
             Slain by a manticore (5 damage)
             ... on level 6 of the Dungeon.
             The game lasted 00:16:47 (6261 turns).

zazu2006 the Thaumaturge (Gnoll Wanderer)           Turns: 6261, Time: 00:16:47

Health: -3/65      AC: 13    Str: 11 (12) XL:     9   Next: 2%
Magic:  5/21       EV:  9    Int: 18      God:
Gold:   327        SH:  5    Dex: 14 (17) Spells: 23/24 levels left

rFire   . . .        q - +0 dagger (speed)
rCold   + . .        d - +0 buckler {AC+3}
rNeg    . . .        m - +1 scale mail {rPois}
rPois   +            E - +0 helmet
rElec   .            (no cloak)
rCorr   .            (no gloves)
SInv    .            f - +0 pair of boots
Will    .....        z - amulet of the acrobat
Stlth   ++           u - ring of protection from cold
HPRegen 0.30/turn    A - +6 ring of intelligence
MPRegen 0.17/turn

%: acrobat
@: brilliant
A: fangs 1, strong nose, distributed training, agile 1, poison resistance
a: no special abilities


You were on level 6 of the Dungeon.
You visited 1 branch of the dungeon, and saw 6 of its levels.
You also visited: Sewer.

You collected 327 gold pieces.

Inventory:

Hand Weapons
 b - a +3 flail of holy wrath
 q - a +0 dagger of speed (weapon)
Armour
 d - a +0 buckler of protection (worn)
 f - a +0 pair of boots (worn)
 m - a +1 scale mail of poison resistance (worn)
 E - a +0 helmet (worn)
Jewellery
 r - an amulet of faith
 u - a ring of protection from cold (left hand)
 z - an amulet of the acrobat (around neck)
 A - a +6 ring of intelligence (right hand)
 C - a ring of poison resistance
Wands
 F - a wand of flame (10)
Scrolls
 a - a scroll of enchant weapon {unknown}
 g - a scroll of immolation
 i - 2 scrolls of enchant armour
 j - 2 scrolls of fog {unknown}
 k - 3 scrolls of teleportation
 l - 2 scrolls of poison
 s - a scroll of vulnerability
 w - 2 scrolls of blinking {unknown}
 x - 2 scrolls of silence {unknown}
 y - a scroll of fear {unknown}
Potions
 c - a potion of haste
 h - 2 potions of resistance
 G - 2 potions of brilliance


   Skills:
 + Level 3.9 Fighting
 + Level 3.9 Short Blades
 + Level 3.9 Long Blades
 + Level 3.9 Axes
 + Level 3.9 Maces & Flails
 + Level 3.9 Polearms
 + Level 3.9 Staves
 + Level 3.9 Ranged Weapons
 + Level 3.9 Throwing
 + Level 4.7 Armour
 + Level 3.9 Dodging
 + Level 5.8 Stealth
 + Level 6.1 Shields
 + Level 3.9 Unarmed Combat
 + Level 8.2 Spellcasting
 + Level 3.2 Conjurations
 + Level 3.2 Hexes
 + Level 3.2 Summonings
 + Level 5.0 Necromancy
 + Level 3.2 Translocations
 + Level 3.2 Transmutations
 + Level 3.2 Fire Magic
 + Level 3.2 Ice Magic
 + Level 3.2 Air Magic
 + Level 3.2 Earth Magic
 + Level 3.2 Poison Magic
 + Level 4.3 Invocations
 + Level 3.9 Evocations


You had 23 spell levels left.
You knew the following spells:

 Your Spells              Type           Power      Damage    Failure   Level
a - Necrotise             Necr           100%       1d9       9%          1

Your spell library contained the following spells:

 Spells                   Type           Power      Damage    Failure   Level
 Kiss of Death            Conj/Necr      100%       2d13      12%         1
 Blink                    Tloc           56%        N/A       26%         2
 Vampiric Draining        Necr           38%        2d8       26%         3
 Confusing Touch          Hex            28%        N/A       47%         3
 Dispel Undead            Necr           38%        3d16      63%         4
 Manifold Assault         Tloc           28%        N/A       87%         4
 Storm Form               Tmut/Air       14%        N/A       100%        7


Dungeon Overview and Level Annotations

Branches:
Dungeon (6/15)             Temple (0/1) D:6           Sewer (visited)

Altars:
Ashenzari
Cheibriados
Dithmenos
Elyvilon
Kikubaaqudgha
Makhleb
Yredelemnul
Zin

Shops:
D:4 *   D:5 (([*

Annotations:
D:3 3 runed translucent doors, ProzacElf's ghost, amateur DsGl


Innate Abilities, Weirdness & Mutations

You have very sharp teeth.
Your uncanny sense of smell can sniff out nearby items.
Your experience applies equally to all skills.
You are agile. (Dex +4, Str/Int -1)
Your system is resistant to poisons. (rPois)


Message History

You feel clever all of a sudden. The manticore bites you!
The manticore claws you.
The manticore claws you but does no damage.
Casting: Necrotise (safe; 9% risk of failure)
Confirm with . or Enter, or press ? or * to list all spells.
Aiming: Necrotise (safe; 9% risk of failure)
Press: ? - help, Shift-Dir - straight line, f/p - manticore
Aim: a manticore (moderately wounded, chance to affect: 70%)
You feel a surge of power!
The manticore writhes in agony.
The manticore bites you. The manticore claws you.
The manticore closely misses you.
Unknown command.
Casting: Necrotise (safe; 9% risk of failure)
Confirm with . or Enter, or press ? or * to list all spells.
Aiming: Necrotise (safe; 9% risk of failure)
Press: ? - help, Shift-Dir - straight line, f/p - manticore
Aim: a manticore (moderately wounded, chance to affect: 70%)
You feel a surge of power!
The manticore writhes in agony!
The manticore bites you! The manticore claws you.
* * * LOW HITPOINT WARNING * * *
You block the manticore's attack.
Unknown command.
Okay, then.
Aiming: Throw Flame
Press: ? - help, Shift-Dir - straight line, f/p - manticore
Aim: a manticore (heavily wounded, 83% to hit)
The puff of flame hits the manticore.
The manticore is heavily wounded.
The manticore barely misses you. The manticore claws you.
* * * LOW HITPOINT WARNING * * *
The manticore claws you but does no damage.
Aiming: Throw Flame
Press: ? - help, Shift-Dir - straight line, f/p - manticore
Aim: a manticore (heavily wounded, 83% to hit)
The puff of flame hits the manticore!
The manticore is severely wounded.
The manticore bites you!
* * * LOW HITPOINT WARNING * * *
The manticore claws you.
You die...

,,,,,,****..#* *.#
*,,,,,,**,*
,,,,*******ho* *.#
*,,,,,,+,,*
*,,**,,,***#.* *.#
*,,,,,,****
,,*,,,,,∆**#.###*.#
*,,,,,,*
,,,,,,,,,,*#.).##.#
*,,,,,,*
,,,,,,8,,,*#.#)...##
*,,,,,,*
,,*,,,,,,,#..###...##
******** ,,**,,,,,*#.#*
#H...# ,,***,,,,*.!*
##@##.#****** +**
**,,*...**#...#...,,,,*
,*
**,...,,,#~~~#,.c..,,*
,*
*####***#~~~#,,...,,*
,* #~~~#*,...,,* ,*
#~~~#*,,,,,,* ,*
#~.~#*,****** ,*
#~~~#,,,** **
#~~~#**,,**


You could see a manticore.

Vanquished Creatures
  A troll (D:4)
  Edmund (D:6)
  A black bear (D:5)
  A phantom (D:3)
  3 kobold brigands (Sewer)
  A bullfrog (D:5)
  A scorpion (D:5)
  A howler monkey (D:6)
  4 hounds
  2 jellies
  An orc priest (D:5)
  3 iguanas
  A sleepcap (D:5)
  7 orc wizards
  A mummy (D:3)
  13 adders
  3 worms
  9 orcs
  8 ball pythons
  5 endoplasms
  4 giant cockroaches
  7 goblins
  9 hobgoblins
  2 jackals (D:4)
  7 quokkas
  5 bats
  3 frilled lizards
  10 kobolds
  7 rats
121 creatures vanquished.

Vanquished Creatures (collateral kills)
  A centaur (D:6)
  A worm (D:4)
  2 giant cockroaches
  A hobgoblin (D:4)
  A quokka (D:1)
  3 kobolds
  2 rats (Sewer)
11 creatures vanquished.

Grand Total: 132 creatures vanquished

Notes
Turn   | Place    | Note
-------+----------+-------------------------------------------
     0 | D:1      | zazu2006 the Gnoll Wanderer began the quest for the Orb.
     0 | D:1      | zazu2006 set off with the following items: a +0 dagger, a
                  | +0 ring mail, a potion of haste, a +0 buckler of
                  | protection; and the following spell memorised: Necrotise;
                  | and the following spells available to memorise: Vampiric
                  | Draining.
     0 | D:1      | Reached XP level 1. HP: 13/13 MP: 8/8
   149 | D:1      | Reached XP level 2. HP: 19/19 MP: 8/10
   518 | D:1      | Reached XP level 3. HP: 23/25 MP: 6/11
   846 | D:2      | Found an ancient bone altar of Kikubaaqudgha.
   881 | D:2      | Reached skill level 1 in Invocations
  1035 | D:2      | Reached skill level 1 in Fighting
  1035 | D:2      | Reached skill level 1 in Short Blades
  1035 | D:2      | Reached skill level 1 in Long Blades
  1035 | D:2      | Reached skill level 1 in Axes
  1035 | D:2      | Reached skill level 1 in Maces & Flails
  1035 | D:2      | Reached skill level 1 in Polearms
  1035 | D:2      | Reached skill level 1 in Staves
  1035 | D:2      | Reached skill level 1 in Ranged Weapons
  1035 | D:2      | Reached skill level 1 in Throwing
  1035 | D:2      | Reached skill level 1 in Dodging
  1035 | D:2      | Reached skill level 1 in Unarmed Combat
  1035 | D:2      | Reached skill level 1 in Evocations
  1114 | D:2      | Found a faded altar of an unknown god.
  1256 | D:2      | Reached XP level 4. HP: 32/32 MP: 9/13
  1818 | D:3      | Found a runed translucent gate.
  1818 | D:3      | Found a runed translucent gate.
  1818 | D:3      | Noticed ProzacElf's ghost (amateur DsGl)
  1821 | D:3      | Found a runed translucent gate.
  1873 | D:3      | Reached skill level 1 in Conjurations
  1873 | D:3      | Reached skill level 1 in Hexes
  1873 | D:3      | Reached skill level 1 in Summonings
  1873 | D:3      | Reached skill level 1 in Translocations
  1873 | D:3      | Reached skill level 1 in Transmutations
  1873 | D:3      | Reached skill level 1 in Fire Magic
  1873 | D:3      | Reached skill level 1 in Ice Magic
  1873 | D:3      | Reached skill level 1 in Air Magic
  1873 | D:3      | Reached skill level 1 in Earth Magic
  1873 | D:3      | Reached skill level 1 in Poison Magic
  2241 | D:3      | Found a snail-covered altar of Cheibriados.
  2332 | D:3      | Noticed a phantom
  2373 | D:3      | Killed a phantom
  2374 | D:3      | Reached XP level 5. HP: 25/37 MP: 14/14
  2667 | D:3      | Found a glowing silver altar of Zin.
  2668 | D:3      | Noticed an angel
  3024 | D:4      | Found a broken altar of Ashenzari.
  3123 | D:4      | Reached XP level 6. HP: 44/44 MP: 12/16
  3196 | D:4      | Found a shadowy altar of Dithmenos.
  3682 | D:4      | Reached skill level 5 in Shields
  3782 | D:4      | Found Sit Neku's Gadget Gallery.
  3785 | D:4      | Found a burning altar of Makhleb.
  4176 | D:5      | Entered Level 5 of the Dungeon
  4184 | D:5      | Noticed a troll
  4205 | D:4      | Killed a troll
  4206 | D:4      | Reached XP level 7. HP: 51/51 MP: 10/18
  4330 | D:5      | Reached skill level 5 in Stealth
  4694 | D:5      | Reached XP level 8. HP: 57/58 MP: 11/19
  4755 | D:5      | Found Guratef's Weapon Emporium.
  4840 | D:5      | Found a basalt altar of Yredelemnul.
  5060 | D:5      | Found Sacohy's Antique Armour Shoppe.
  5060 | D:5      | Found Ozun's General Store.
  5105 | D:5      | Found a white marble altar of Elyvilon.
  5215 | D:5      | Found a transporter.
  5217 | D:5      | Found Agois's Weapon Shoppe.
  5253 | D:5      | Found a transporter.
  5388 | D:6      | Found a glowing drain.
  5405 | Sewer    | Entered a sewer
  5578 | Sewer    | Reached skill level 8 in Spellcasting
  5994 | Sewer    | Gained mutation: You are agile. (Dex +4, Str/Int -1)
                  | [potion of mutation]
  5994 | Sewer    | Gained mutation: Your system is resistant to poisons.
                  | (rPois) [potion of mutation]
  6132 | D:6      | Noticed Edmund
  6141 | D:6      | Reached skill level 5 in Necromancy
  6171 | D:6      | Killed Edmund
  6172 | D:6      | Reached XP level 9. HP: 36/65 MP: 0/21
  6247 | D:6      | Noticed a manticore
  6261 | D:6      | HP: 2/65 [manticore (11)]
  6261 | D:6      | Slain by a manticore

Illustrated notes

Levels and vault maps discovered:
D:1:      minmay_arrival_four_houses, layout_basic
D:2:      layout_rooms, chequers_ecumenical_altar_simple, basic_altar
D:3:      layout_loops_corners, zin_angel, slow_altar_1, gammafunk_ghost_split,
          minmay_fractal_squares_diagonal_5
D:4:      layout_loops_ring, nicolae_dithmenos_through_a_glass_darkly,
          overflow_temple_1_default, nicolae_ashenzari_panopticon,
          nicolae_shop_gadgets
D:5:      layout_basic, lemuel_round_altar, kennysheep_mini_moat, serial_shops,
          nicolae_shop_drivethru, shop, nicolae_shop_bloodbath_and_beyond, shop
D:6:      layout_basic, minmay_temple_entry_nine_rooms, portal_sewer_entry_f,
          minmay_manual_moon, uniq_duvessa, uniq_edmund

Skill      XL: |  1  2  3  4  5  6  7  8 |
---------------+-------------------------+-----
Invocations    | 1 2 3 4 |  4.3
Fighting       | 1 2 3 |  3.9
Short Blades   | 1 2 3 |  3.9
Long Blades    | 1 2 3 |  3.9
Axes           | 1 2 3 |  3.9
Maces & Flails | 1 2 3 |  3.9
Polearms       | 1 2 3 |  3.9
Staves         | 1 2 3 |  3.9
Ranged Weapons | 1 2 3 |  3.9
Throwing       | 1 2 3 |  3.9
Dodging        | 1 2 3 |  3.9
Unarmed Combat | 1 2 3 |  3.9
Evocations     | 1 2 3 |  3.9
Conjurations   | 1 2 3 |  3.2
Hexes          | 1 2 3 |  3.2
Summonings     | 1 2 3 |  3.2
Translocations | 1 2 3 |  3.2
Transmutations | 1 2 3 |  3.2
Fire Magic     | 1 2 3 |  3.2
Ice Magic      | 1 2 3 |  3.2
Air Magic      | 1 2 3 |  3.2
Earth Magic    | 1 2 3 |  3.2
Poison Magic   | 1 2 3 |  3.2
Armour         | 3 4 |  4.7
Necromancy     | 4 5 |  5.0
Shields        | 5 6 |  6.1
Stealth        | 5 |  5.8
Spellcasting   | 8 |  8.2

Action                     |  1- 3 |  4- 6 |  7- 9 || total
---------------------------+-------+-------+-------++-------
  Melee: Dagger            |    12 |    69 |    86 ||   167
         Bite              |     1 |     9 |     8 ||    18
  Throw: Throwing net      |       |     1 |     1 ||     2
   Cast: Necrotise         |    66 |   102 |   182 ||   350
  Evoke: Wand              |       |       |     3 ||     3
    Use: Scroll            |       |     3 |     7 ||    10
         Potion            |       |       |    12 ||    12
   Stab: Held in net/web   |       |     3 |       ||     3
         Distracted        |       |       |     1 ||     1
 Armour: Ring mail         |     4 |       |       ||     4
         Scale mail        |    17 |    45 |   104 ||   166
  Dodge: Dodged            |    17 |    46 |    81 ||   144
  Block: Buckler           |     9 |    20 |    45 ||    74
